General information
- name: BNet
- type: Ladder team game (AT/RT)
- host: Battle.net
- saver: AStrangerInTown
map: Mur'gulOasis
- players: 8
- length: 32:55
- speed: Fast
- version: 1.26 W3XP
- replay type: Public
» download(181 KB)
Players
team 1 (winner)

»
Buckeyes (
yellow | 38 APM | 649 actions | 16:55)
3 Mountain King
2 Storm Bolt
1 Bash
3 Paladin
2 Holy Light
1 Divine Shield
» actions
| Assign group hotkey | 16 | |
| Basic commands | 63 | |
| Build / train | 68 | |
| Enter build submenu | 20 | |
| Enter hero's abilities submenu | 6 | |
| Give item / drop item | 1 | |
| Right click | 180 | |
| Select / deselect | 152 | |
| Select group hotkey | 102 | |
| Use ability | 41 | |
649 total
» units
| Peasant | 14 | |
| Footman | 6 | |
| Knight | 11 | |
| Sorceress | 5 | |
36 total
» upgrades
| Swords | 3 | |
| Plating | 1 | |
| Lumber Harvesting | 2 | |
| Sorceress Training | 2 | |
| Animal War Training | 1 | |
9 total
» buildings
| Farm | 9 | |
| Altar of Kings | 1 | |
| Blacksmith | 1 | |
| Barracks | 2 | |
| Keep | 2 | |
| Arcane Vault | 1 | |
| Lumber Mill | 1 | |
| Castle | 2 | |
| Arcane Sanctum | 1 | |
| Town Hall | 1 | |
21 total
» build order
01:03 Farm
01:11 Altar of Kings
01:27 Blacksmith
01:44 Barracks
02:17 Farm
02:20 Farm
02:50 Farm
02:51 Farm
03:13 Keep
03:13 Keep
03:31 Arcane Vault
03:38 Lumber Mill
04:11 Barracks
04:54 Farm
04:54 Farm
05:41 Castle
05:41 Castle
06:40 Arcane Sanctum
08:31 Farm
10:53 Farm
12:37 Town Hall
» items
| Scroll of Regeneration | 2 | |
| Lesser Clarity Potion | 1 | |
3 total
AStrangerInTown (
teal | 92 APM | 3041 actions | 32:55)
8 Archmage
3 Summon Water Elemental
3 Brilliance Aura
1 Mass Teleport
1 Blizzard
» actions
| Assign group hotkey | 76 | |
| Basic commands | 138 | |
| Build / train | 197 | |
| ESC pressed | 7 | |
| Enter build submenu | 46 | |
| Enter hero's abilities submenu | 8 | |
| Give item / drop item | 6 | |
| Remove unit from queue | 1 | |
| Right click | 1186 | |
| Select / deselect | 495 | |
| Select group hotkey | 663 | |
| Use ability | 218 | |
3041 total
» units
| Peasant | 31 | |
| Footman | 17 | |
| Gryphon Rider | 13 | |
| Priest | 1 | |
62 total
» upgrades
| Defend | 1 | |
| Masonry | 3 | |
| Lumber Harvesting | 2 | |
| Swords | 3 | |
| Armor | 4 | |
| Storm Hammers | 1 | |
| Animal War Training | 1 | |
| Cloud | 1 | |
| Priest Training | 2 | |
| Magic Sentry | 1 | |
| Backpack | 1 | |
| Plating | 3 | |
| Gunpowder | 3 | |
| Long Rifles | 1 | |
| Sorceress Training | 2 | |
| Control Magic | 1 | |
| Melee Weapons | 1 | |
| Ranged Weapons | 1 | |
32 total
» buildings
| Altar of Kings | 1 | |
| Barracks | 1 | |
| Farm | 5 | |
| Arcane Vault | 1 | |
| Scout Tower | 22 | |
| Arcane Tower | 6 | |
| Keep | 3 | |
| Lumber Mill | 2 | |
| Blacksmith | 1 | |
| Guard Tower | 49 | |
| Castle | 1 | |
| Town Hall | 3 | |
| Gryphon Aviary | 2 | |
| Arcane Sanctum | 1 | |
98 total
» build order
00:15 Altar of Kings
00:17 Barracks
00:20 Farm
01:02 Farm
01:40 Farm
02:22 Farm
03:00 Arcane Vault
03:27 Farm
04:05 Scout Tower
04:35 Arcane Tower
05:32 Keep
05:32 Keep
05:32 Keep
06:12 Scout Tower
06:17 Lumber Mill
06:20 Scout Tower
06:25 Blacksmith
06:45 Arcane Tower
07:29 Guard Tower
07:55 Castle
09:15 Town Hall
09:19 Scout Tower
09:19 Scout Tower
09:20 Scout Tower
09:21 Scout Tower
09:23 Scout Tower
09:41 Scout Tower
09:42 Scout Tower
09:44 Scout Tower
09:46 Scout Tower
09:49 Guard Tower
09:49 Guard Tower
09:51 Guard Tower
09:51 Guard Tower
09:51 Guard Tower
09:52 Guard Tower
09:52 Guard Tower
10:29 Guard Tower
10:29 Guard Tower
10:30 Guard Tower
10:30 Guard Tower
10:46 Gryphon Aviary
10:47 Gryphon Aviary
12:51 Town Hall
12:57 Scout Tower
14:57 Guard Tower
14:59 Arcane Tower
15:00 Arcane Tower
15:03 Scout Tower
15:15 Scout Tower
15:17 Scout Tower
15:18 Scout Tower
15:34 Scout Tower
15:36 Scout Tower
15:46 Guard Tower
15:46 Guard Tower
15:46 Guard Tower
15:46 Guard Tower
15:47 Guard Tower
15:48 Guard Tower
15:48 Guard Tower
15:56 Guard Tower
15:56 Guard Tower
15:56 Guard Tower
16:04 Scout Tower
16:16 Scout Tower
16:50 Guard Tower
17:39 Guard Tower
17:46 Guard Tower
18:04 Lumber Mill
18:05 Guard Tower
18:17 Guard Tower
18:17 Guard Tower
18:18 Guard Tower
18:41 Guard Tower
18:49 Guard Tower
18:49 Guard Tower
18:49 Guard Tower
18:51 Scout Tower
19:19 Guard Tower
19:19 Guard Tower
19:21 Guard Tower
25:06 Arcane Sanctum
26:38 Town Hall
» items
| Scroll of Regeneration | 9 | |
| Periapt of Vitality | 1 | |
| Staff of Teleportation | 1 | |
| Scroll of Town Portal | 2 | |
| Staff of Sanctuary | 1 | |
| Ivory Tower | 6 | |
| Potion of Healing | 1 | |
| Mechanical Critter | 3 | |
24 total
Taael (
orange | 62 APM | 1082 actions | 17:22)
5 Blood Mage
3 Flame Strike
2 Siphon Mana
» actions
| Assign group hotkey | 13 | |
| Basic commands | 45 | |
| Build / train | 56 | |
| ESC pressed | 2 | |
| Enter build submenu | 18 | |
| Enter hero's abilities submenu | 6 | |
| Give item / drop item | 1 | |
| Right click | 595 | |
| Select / deselect | 275 | |
| Select group hotkey | 26 | |
| Use ability | 45 | |
1082 total
» units
| Peasant | 20 | |
| Footman | 4 | |
| Rifleman | 8 | |
| Makrura Snapper | 1 | |
| Giant Sea Turtle | 1 | |
34 total
» upgrades
| Gunpowder | 2 | |
| Armor | 2 | |
| Long Rifles | 1 | |
| Lumber Harvesting | 1 | |
6 total
» buildings
| Altar of Kings | 1 | |
| Farm | 5 | |
| Barracks | 4 | |
| Arcane Vault | 1 | |
| Blacksmith | 1 | |
| Keep | 1 | |
| Lumber Mill | 1 | |
| Scout Tower | 1 | |
| Guard Tower | 1 | |
| Castle | 1 | |
17 total
» build order
00:08 Altar of Kings
00:11 Farm
00:16 Farm
00:57 Barracks
01:02 Barracks
01:22 Farm
03:03 Arcane Vault
03:07 Blacksmith
03:50 Keep
04:15 Lumber Mill
04:28 Farm
05:26 Barracks
05:29 Barracks
05:34 Farm
09:34 Scout Tower
11:58 Guard Tower
14:58 Castle
» items
| Scroll of Regeneration | 1 | |
| Circlet of Nobility | 1 | |
| Boots of Speed | 1 | |
| Scroll of Town Portal | 1 | |
| Orb of Lightning | 1 | |
| Tiny Great Hall | 1 | |
| Potion of Healing | 1 | |
7 total
DOUGLASCALACA (
pink | 43 APM | 671 actions | 15:30)
3 Blademaster
2 Wind Walk
1 Critical Strike
3 Shadow Hunter
2 Healing Wave
1 Hex
» actions
| Assign group hotkey | 5 | |
| Basic commands | 15 | |
| Build / train | 32 | |
| Enter build submenu | 12 | |
| Enter hero's abilities submenu | 6 | |
| Right click | 285 | |
| Select / deselect | 125 | |
| Select group hotkey | 115 | |
| Use ability | 76 | |
671 total
» units
| Peon | 13 | |
| Giant Sea Turtle | 1 | |
| Wind Rider | 3 | |
17 total
» upgrades
» buildings
| Altar of Storms | 1 | |
| Orc Burrow | 7 | |
| War Mill | 1 | |
| Voodoo Lounge | 1 | |
| Stronghold | 1 | |
| Watch Tower | 15 | |
| Beastiary | 3 | |
| Fortress | 1 | |
30 total
» build order
00:25 Altar of Storms
00:27 Orc Burrow
01:38 War Mill
02:09 Orc Burrow
02:11 Voodoo Lounge
02:54 Stronghold
03:16 Watch Tower
03:16 Watch Tower
03:44 Orc Burrow
04:14 Orc Burrow
06:13 Beastiary
06:13 Beastiary
06:14 Beastiary
08:00 Fortress
09:49 Orc Burrow
09:50 Orc Burrow
09:52 Orc Burrow
11:44 Watch Tower
11:44 Watch Tower
11:44 Watch Tower
11:45 Watch Tower
12:39 Watch Tower
12:40 Watch Tower
12:41 Watch Tower
12:41 Watch Tower
12:41 Watch Tower
12:42 Watch Tower
12:43 Watch Tower
12:43 Watch Tower
12:43 Watch Tower
» items
| Healing Salve | 2 | |
| Boots of Speed | 1 | |
| Scroll of Town Portal | 1 | |
4 total
team 2 (loser)
mtldemolition (
red | 27 APM | 642 actions | 24:00)
6 Crypt Lord
1 Impale
1 Carrion Beetles
3 Spiked Carapace
1 Locust Swarm
» actions
| Basic commands | 10 | |
| Build / train | 58 | |
| Enter build submenu | 14 | |
| Enter hero's abilities submenu | 6 | |
| Right click | 263 | |
| Select / deselect | 257 | |
| Use ability | 34 | |
642 total
» units
| Acolyte | 3 | |
| Ghoul | 15 | |
| Crypt Fiend | 4 | |
| Gargoyle | 13 | |
| Meatwagon | 1 | |
| Abomination | 3 | |
39 total
» upgrades
| Web | 1 | |
| Creature Carapace | 1 | |
| Creature Attack | 1 | |
3 total
» buildings
| Ziggurat | 6 | |
| Altar of Darkness | 1 | |
| Crypt | 2 | |
| Graveyard | 1 | |
| Halls of the Dead | 1 | |
| Spirit Tower | 3 | |
| Nerubian Tower | 1 | |
| Slaughterhouse | 1 | |
| Black Citadel | 1 | |
| Sacrificial Pit | 1 | |
| Boneyard | 1 | |
19 total
» build order
00:20 Ziggurat
00:26 Altar of Darkness
00:34 Crypt
01:10 Ziggurat
01:39 Crypt
02:21 Graveyard
03:25 Ziggurat
04:45 Halls of the Dead
05:27 Spirit Tower
05:32 Nerubian Tower
06:53 Ziggurat
08:26 Ziggurat
13:38 Slaughterhouse
13:58 Black Citadel
16:07 Sacrificial Pit
17:51 Spirit Tower
17:58 Boneyard
19:17 Ziggurat
20:05 Spirit Tower
» items
| Potion of Lesser Invulnerability | 1 | |
| Scroll of Town Portal | 1 | |
| Scroll of Healing | 1 | |
3 total
CHARLES-HESTON (
purple | 45 APM | 1478 actions | 32:55)
5 Blood Mage
3 Flame Strike
2 Siphon Mana
» actions
| Assign group hotkey | 78 | |
| Basic commands | 95 | |
| Build / train | 74 | |
| Enter build submenu | 17 | |
| Enter hero's abilities submenu | 5 | |
| Give item / drop item | 8 | |
| Right click | 503 | |
| Select / deselect | 201 | |
| Select group hotkey | 422 | |
| Use ability | 73 | |
1478 total
» units
| Peasant | 13 | |
| Sorceress | 4 | |
| Mortar Team | 18 | |
35 total
» upgrades
| Gunpowder | 3 | |
| Plating | 1 | |
| Masonry | 1 | |
| Lumber Harvesting | 1 | |
| Flare | 1 | |
| Sorceress Training | 2 | |
| Armor | 2 | |
| Fragmentation Shards | 1 | |
| Barrage | 1 | |
| Flying Machine Bombs | 1 | |
| Flak Cannons | 1 | |
15 total
» buildings
| Altar of Kings | 1 | |
| Farm | 8 | |
| Blacksmith | 1 | |
| Scout Tower | 5 | |
| Arcane Tower | 1 | |
| Arcane Vault | 2 | |
| Keep | 2 | |
| Lumber Mill | 1 | |
| Guard Tower | 2 | |
| Arcane Sanctum | 1 | |
| Workshop | 2 | |
| Castle | 1 | |
| Town Hall | 1 | |
28 total
» build order
00:17 Altar of Kings
00:21 Farm
00:54 Blacksmith
01:22 Farm
02:02 Scout Tower
02:08 Farm
02:36 Arcane Tower
02:48 Arcane Vault
03:31 Keep
03:31 Keep
04:21 Lumber Mill
04:24 Farm
04:24 Farm
04:25 Farm
04:25 Farm
05:13 Scout Tower
05:13 Scout Tower
05:14 Scout Tower
05:48 Guard Tower
07:06 Arcane Sanctum
07:09 Workshop
07:24 Workshop
09:05 Castle
15:48 Scout Tower
15:51 Arcane Vault
18:10 Town Hall
31:53 Farm
» items
| Scroll of Regeneration | 3 | |
| Lesser Clarity Potion | 2 | |
| Staff of Teleportation | 1 | |
| Potion of Invisibility | 3 | |
| Potion of Lesser Invulnerability | 2 | |
| Scroll of Town Portal | 1 | |
12 total
CrazyInLove (
green | 49 APM | 1614 actions | 32:55)
5 Archmage
3 Summon Water Elemental
2 Brilliance Aura
» actions
| Assign group hotkey | 202 | |
| Basic commands | 208 | |
| Build / train | 63 | |
| Enter build submenu | 32 | |
| Enter hero's abilities submenu | 5 | |
| Give item / drop item | 2 | |
| Remove unit from queue | 1 | |
| Right click | 443 | |
| Select / deselect | 300 | |
| Select group hotkey | 142 | |
| Use ability | 216 | |
1614 total
» units
| Peasant | 11 | |
| Footman | 6 | |
| Gryphon Rider | 12 | |
29 total
» upgrades
| Lumber Harvesting | 2 | |
| Swords | 3 | |
| Animal War Training | 1 | |
| Storm Hammers | 1 | |
| Armor | 2 | |
| Masonry | 2 | |
| Cloud | 1 | |
12 total
» buildings
| Altar of Kings | 1 | |
| Barracks | 1 | |
| Farm | 7 | |
| Scout Tower | 17 | |
| Keep | 1 | |
| Arcane Vault | 1 | |
| Arcane Tower | 1 | |
| Lumber Mill | 2 | |
| Blacksmith | 1 | |
| Castle | 1 | |
| Gryphon Aviary | 3 | |
| Guard Tower | 4 | |
| Town Hall | 1 | |
41 total
» build order
00:39 Altar of Kings
00:41 Barracks
00:58 Farm
01:10 Farm
01:12 Farm
02:01 Farm
02:37 Farm
02:44 Scout Tower
03:11 Keep
03:24 Arcane Vault
03:32 Arcane Tower
04:48 Lumber Mill
05:00 Blacksmith
05:52 Castle
06:34 Gryphon Aviary
06:36 Gryphon Aviary
07:08 Gryphon Aviary
07:14 Scout Tower
07:15 Scout Tower
07:16 Scout Tower
07:17 Scout Tower
07:18 Scout Tower
07:20 Scout Tower
07:23 Scout Tower
07:24 Scout Tower
08:33 Guard Tower
08:50 Farm
08:51 Farm
14:13 Lumber Mill
15:08 Town Hall
15:19 Scout Tower
15:19 Scout Tower
15:19 Scout Tower
15:20 Scout Tower
15:23 Scout Tower
15:23 Scout Tower
15:24 Scout Tower
15:25 Scout Tower
15:50 Guard Tower
15:55 Guard Tower
17:43 Guard Tower
» items
| Scroll of Regeneration | 5 | |
| Periapt of Vitality | 1 | |
| Staff of Teleportation | 1 | |
| Scroll of Town Portal | 1 | |
8 total
Nomadar (
blue | 23 APM | 757 actions | 32:55)
2 Warden
1 Shadow Strike
1 Fan of Knives
3 Demon Hunter
1 Mana Burn
1 Evasion
1 Immolation
» actions
| Assign group hotkey | 2 | |
| Basic commands | 29 | |
| Build / train | 45 | |
| Enter build submenu | 12 | |
| Enter hero's abilities submenu | 5 | |
| Remove unit from queue | 3 | |
| Right click | 366 | |
| Select / deselect | 253 | |
| Select group hotkey | 1 | |
| Use ability | 40 | |
757 total
» units
» upgrades
| Strength of the Wild | 2 | |
| Reinforced Hides | 3 | |
| Abolish Magic | 1 | |
| Ultravision | 1 | |
7 total
» buildings
| Moon Well | 7 | |
| Altar of Elders | 1 | |
| Tree of Ages | 1 | |
| Hunter's Hall | 1 | |
| Ancient of Lore | 2 | |
| Tree of Eternity | 1 | |
13 total
» build order
00:18 Moon Well
00:23 Altar of Elders
02:28 Tree of Ages
04:27 Moon Well
04:35 Hunter's Hall
05:42 Ancient of Lore
05:46 Ancient of Lore
09:08 Moon Well
10:23 Moon Well
11:30 Moon Well
13:02 Moon Well
15:59 Tree of Eternity
16:07 Moon Well
Chat log
(00:12 / All) CHARLES-HESTON: i am a black bird hear me roar asunder across the skies
(00:21 / All) CrazyInLove: wow
(00:25 / All) CrazyInLove: purple is bad at this game
(00:32 / Allies) Taael: riflemen archmage mortor teams
(00:35 / All) CHARLES-HESTON: I AM A CROSS DRESSER
(00:38 / Allies) Taael: with casters
(01:18 / All) CHARLES-HESTON: rush or cc
(01:30 / All) CHARLES-HESTON: woo hoo very little lag
(01:34 / Allies) Taael: lets creep
(02:32 / All) CHARLES-HESTON: which hero will i get? I hope i get the great cloud, supreme conqueror of sephiroth
(08:12 / Allies) Taael: u guys ready to hit?
(08:17 / Allies) AStrangerInTown: creep mid
(08:22 / Allies) Taael: ok
(09:05 / Allies) Taael: yellow
(09:08 / Allies) Taael: u dont need that hood
(09:14 / Allies) Taael: u are neither agility or intelect
(09:19 / Allies) Buckeyes: wht not
(10:19 / All) CHARLES-HESTON: PHUC YOU I AINT FAT I BIG BONE
(10:37 / Allies) DOUGLASCALACA: tp all
(10:58 / All) CrazyInLove: I hate how these creeps attack air
(11:01 / All) CrazyInLove: so fucking lame
(12:19 / Allies) AStrangerInTown: wood please
(12:24 / All) CrazyInLove: DISASTER
(12:29 / Allies) AStrangerInTown: go away
(12:30 / Allies) AStrangerInTown: that's my expo
(12:33 / Allies) AStrangerInTown: I sent peons first
(12:37 / Allies) AStrangerInTown: shoo
(12:38 / Allies) Taael: u give up that hoodÉ
(12:44 / Allies) Taael: nope
(13:08 / All) AStrangerInTown: yellow is tking me
(13:49 / Allies) AStrangerInTown: wood
(13:49 / Allies) AStrangerInTown: wood
(14:04 / Allies) AStrangerInTown: ty pink
(14:05 / Allies) Taael: wtf is happeningÉ
(14:09 / Allies) AStrangerInTown: yellow backstabbed me
(14:11 / Allies) AStrangerInTown: I was taking another expo
(14:19 / Allies) AStrangerInTown: I was there first and he attacked my base
(14:36 / Allies) Taael: okay
(15:10 / Allies) Buckeyes: he has two expo and he killed mione you fucking retards
(15:11 / All) Taael: civil war going on
(15:44 / All) AStrangerInTown: fucking yellow lost us this! stupid tker!
(15:55 / All) Buckeyes: teal aatck me first
(16:00 / All) AStrangerInTown: you took my expo
(16:02 / All) AStrangerInTown: I had it first
(16:13 / Allies) Buckeyes: thats why I building first
(16:19 / All) AStrangerInTown: I sent my peons first
(16:22 / All) AStrangerInTown: longer distance to travel
(16:25 / All) AStrangerInTown: you saw that and jacked it
(16:27 / All) AStrangerInTown: you were a thief
(16:38 / Allies) Taael: yellow u also stole our hood
(16:41 / Allies) Taael: which u didnt need at all
(16:43 / All) AStrangerInTown: yeah he also took an item
(16:44 / Allies) Taael: you sir
(16:49 / Allies) Taael: need to get ur shit straight
(16:50 / Allies) Buckeyes: lick ball faggot
(16:52 / Allies) Taael: or just play solo
(17:16 / All) Taael: gg wp civil war made us lose game yellow dosnt know what teamwork is
(17:19 / Allies) AStrangerInTown: wood?
(17:21 / Allies) AStrangerInTown: before you go
(19:55 / All) CHARLES-HESTON: dumb nigga this is ahuman world not an elf word
(20:28 / All) CHARLES-HESTON: ill let u keep ur altar blue
(21:06 / All) CHARLES-HESTON: i defended my base against ur dryads and wasn't even coherent
(21:26 / All) CHARLES-HESTON: 2 towers
(21:28 / All) CHARLES-HESTON: lolz
(21:38 / All) CHARLES-HESTON: the only thing u would pawn is a cheeseburger fat boy blue
(22:00 / All) CrazyInLove: afk
(22:27 / All) CrazyInLove: draft begins in 30 minutes
(22:29 / All) AStrangerInTown: would have had mass tp if you were paying attentiong
(22:33 / All) CrazyInLove: you aren't winning lol!
(23:16 / All) CrazyInLove: how so?
(23:16 / All) CHARLES-HESTON: "if w elose i dont care either way i win"
(23:18 / All) CrazyInLove: OH NO
(23:22 / All) CrazyInLove: not on my 0-0 account!
(23:39 / All) CrazyInLove: good luck with that yo
(24:16 / All) CHARLES-HESTON: WOO HOO JURASSIC PARK ON
(24:18 / All) Nomadar: mass air teal
(24:22 / All) AStrangerInTown: canceled healing scroll, jacob
(24:24 / All) CrazyInLove: He's in on this
(24:25 / All) CHARLES-HESTON: JURRASSIC PARK WOO HOO
(24:27 / All) Nomadar: youll win
(24:34 / All) CHARLES-HESTON: JURASSIC PARK WOO HOO
(24:41 / All) AStrangerInTown: this was rigged you stood no chance
(24:44 / All) AStrangerInTown: the game was over from the start
(25:03 / All) CrazyInLove: end game then we start a new one
(25:08 / All) CrazyInLove: and I get secure enough to alt tab
(25:11 / All) CrazyInLove: while I fantasy draft
(25:15 / All) Nomadar: lol i dont care either way
(25:20 / All) CrazyInLove: 7th pick wonder how it'll work out
(25:33 / All) Nomadar: im leaving my comp now have fun
(25:36 / All) CrazyInLove: Hopefuilly like last draft except I fix the mistakes
(25:43 / All) CHARLES-HESTON: THEY SMELL
(25:45 / All) CHARLES-HESTON: THEY DO NOT SMELL
(25:46 / All) CHARLES-HESTON: BABIES SMELL
(25:49 / All) CHARLES-HESTON: BABIES SMELL
(25:52 / All) CHARLES-HESTON: *GIGGLE*
(26:00 / All) CHARLES-HESTON: *HELICOPTER COMES*
(26:04 / All) CHARLES-HESTON: TURN IT OFF
(26:30 / All) AStrangerInTown: focusing my hero lol
(26:57 / All) CHARLES-HESTON: I AM BEHOOFED WHY BLUE DOESNT LIKE GREEN
(27:05 / All) CHARLES-HESTON: IS BEHOOFED A WORD BLUE
(27:20 / All) CrazyInLove: *face palm*
(27:30 / All) AStrangerInTown: behooved is
(27:37 / All) CrazyInLove: And not in the way he means it
(28:08 / All) CrazyInLove: Words you are looking for: perplexed, bewildered, flabberghasted
(28:22 / All) AStrangerInTown: Proper use: It behooves me not to invade the West blind and deaf.
(28:41 / All) CHARLES-HESTON: I STEAL UR MANA DUMB GREEN ARCHMAGE HAHAHA
(28:43 / All) CHARLES-HESTON: JUST QUIT MOVING
(29:39 / All) CHARLES-HESTON: THE HOOD OF CUNNING IS GONE BLUE
(29:39 / All) AStrangerInTown: What happened to hood of cunning bro?
(29:42 / All) CHARLES-HESTON: WHAT DO WE DEW
(30:23 / All) CHARLES-HESTON: I AM IN TROUBLE MR BLUE
(30:33 / All) Nomadar: lol you guys are still here LMFAO
(30:58 / All) CrazyInLove: aight just end it
(31:04 / All) CHARLES-HESTON: "watches replay after game" sees blue selecting our units entire game
(31:05 / All) AStrangerInTown: staff
(31:15 / All) CHARLES-HESTON: i have no where to tp toooooo
(31:28 / All) CrazyInLove: loz
(31:31 / All) AStrangerInTown: lucky mass tp
(31:32 / All) CHARLES-HESTON: blue
(31:50 / All) CHARLES-HESTON: turncoat i have auqestoin
(31:53 / All) CrazyInLove: ask it
(31:58 / All) CHARLES-HESTON: umm
(32:08 / All) CHARLES-HESTON: i give pics of my sister if u thumbs up last mand standing okaay???
(32:20 / All) AStrangerInTown: I have it vetoed too
(32:20 / All) CrazyInLove: you said she wasn't much of a looker
(32:22 / All) AStrangerInTown: so go ahead and veto it
(32:31 / All) AStrangerInTown: *unveto it
(32:39 / All) CHARLES-HESTON: i have golems veto'dddddd
(32:43 / All) CrazyInLove: WHY
(32:45 / All) AStrangerInTown: golems is good map, unveto it
(32:50 / All) CHARLES-HESTON: okayyyy